[Event "57th Biel Festival MTO 2024"]
[White "Erne,Raphael"]
[Black "Woltery,Nicolai"]
[Site "Biel"]
[Round "4.53"]
[Annotator "RC"]
[Result "1/2-1/2"]
[Date "2024.07.18"]
[WhiteElo "2102"]
[BlackElo "2016"]
[PlyCount "80"]
[TimeControl "60"]

1. c4 Nf6 2. g3 c5 3. Bg2 g6 4. Nc3 Bg7 5. Nf3 Nc6 6. O-O O-O 7. d4 cxd4 8. Nxd4 Nxd4 9. Qxd4 d6 10. Qd3 Bf5 11. e4 Be6 12. b3 Nd7 13. Bb2 a5 14. Qe2 Nc5 15. Nd5 Bxb2 16. Qxb2 Bxd5 17. exd5 a4 18. b4 Qb6 19. Qa3 Nd7 20. Rfe1 Rfe8 21. Rac1 Qc7 22. c5 Nf6 23. c6 bxc6 24. Rxc6 Qb7 25. Qc3 a3 26. Rc7 Nxd5 27. Bxd5 Qxd5 28. Qc2 e6 29. Rd1 Qe5 30. Qb3 Rf8 31. b5 Qb2 32. Rb1 Qe5 33. b6 d5 34. Qc2 Rab8 35. Ra7 Qd6 36. b7 d4 37. Qb3 Rfd8 38. Qxa3 Qxa3 39. Rxa3 d3 40. Rab3 d2 1/2-1/2

[Event "57th Biel Festival MTO 2024"]
[White "Altantuya,Boldbaatar"]
[Black "Liu,Kimberly"]
[Site "Biel"]
[Round "4.54"]
[Annotator "RC"]
[Result "1-0"]
[Date "2024.07.18"]
[WhiteElo "2107"]
[BlackElo "1941"]
[PlyCount "61"]
[TimeControl "60"]

1. d4 Nf6 2. c4 e6 3. Nf3 d5 4. Nc3 Bb4 5. a3 Bxc3+ 6. bxc3 O-O 7. e3 c5 8. Bd3 dxc4 9. Bxc4 b6 10. Qe2 Bb7 11. O-O Nbd7 12. Bd3 Ne4 13. Bb2 cxd4 14. exd4 Nef6 15. c4 Qc7 16. Rac1 Qf4 17. Nd2 Rac8 18. f3 Rfd8 19. Ne4 Ba6 20. Rc3 Nb8 21. Bc1 Qc7 22. Nxf6+ gxf6 23. Qe4 Bb7 24. Qxh7+ Kf8 25. a4 Na6 26. Ba3+ Nc5 27. dxc5 bxc5 28. Qh4 Ke7 29. Rb3 Ba6 30. Bb2 e5 31. Bxe5 1-0

[Event "57th Biel Festival MTO 2024"]
[White "Krishnan,Ritvik"]
[Black "Khulan,Enkhsaikhan"]
[Site "Biel"]
[Round "4.55"]
[Annotator "RC"]
[Result "0-1"]
[Date "2024.07.18"]
[WhiteElo "2297"]
[BlackElo "2063"]
[PlyCount "86"]
[TimeControl "60"]

1. e4 e6 2. d4 d5 3. Nc3 Nf6 4. e5 Nfd7 5. f4 c5 6. Nf3 Nc6 7. Be3 cxd4 8. Nxd4 Bc5 9. Qd2 a6 10. O-O-O Nxd4 11. Bxd4 b5 12. f5 Bxd4 13. Qxd4 Qg5+ 14. Kb1 Qxf5 15. Re1 Qg5 16. h4 Qe7 17. g4 Bb7 18. Rh3 b4 19. Ne2 a5 20. Nf4 Ba6 21. Bxa6 Rxa6 22. g5 Rc6 23. Rg3 Rc4 24. Qd2 g6 25. h5 Rg8 26. hxg6 hxg6 27. b3 Rc8 28. Rh1 Nc5 29. Rg2 Ne4 30. Qd3 Nc3+ 31. Kb2 Qc7 32. Qa6 Qc6 33. Qd3 a4 34. Rgg1 Ra8 35. Ra1 a3+ 36. Kc1 Qc5 37. Rf1 Ke7 38. Qf3 Rgf8 39. Qh3 Rh8 40. Qd3 Rh2 41. Qf3 Rxc2+ 42. Kxc2 Ne4+ 43. Kd1 Qd4+ 0-1

[Event "57th Biel Festival MTO 2024"]
[White "Selinga,Jan"]
[Black "Mostertman,Milan"]
[Site "Biel"]
[Round "4.56"]
[Annotator "RC"]
[Result "0-1"]
[Date "2024.07.18"]
[WhiteElo "2023"]
[BlackElo "2231"]
[PlyCount "54"]
[TimeControl "60"]

1. d4 d5 2. c4 c6 3. Nc3 Nf6 4. e3 e6 5. Nf3 Ne4 6. Bd3 Bb4 7. Bd2 Nxd2 8. Nxd2 e5 9. cxd5 exd4 10. exd4 O-O 11. O-O Bxc3 12. bxc3 Qxd5 13. Rb1 Nd7 14. Re1 Nf6 15. Re5 Qd6 16. Qe2 b5 17. Ne4 Nxe4 18. Qxe4 g6 19. a4 a6 20. Qh4 Be6 21. Qh6 f5 22. h4 bxa4 23. Rbe1 Bd5 24. h5 Qf6 25. Re7 Rf7 26. hxg6 Rxe7 27. gxh7+ Kf7 0-1

[Event "57th Biel Festival MTO 2024"]
[White "Ohler,Julius"]
[Black "Tellarini,Lorenzo"]
[Site "Biel"]
[Round "4.57"]
[Annotator "RC"]
[Result "1/2-1/2"]
[Date "2024.07.18"]
[WhiteElo "2078"]
[BlackElo "1953"]
[PlyCount "64"]
[TimeControl "60"]

1. d4 Nf6 2. c4 g6 3. Nc3 d5 4. cxd5 Nxd5 5. e4 Nxc3 6. bxc3 Bg7 7. Nf3 c5 8. Bb5+ Nc6 9. O-O O-O 10. Bxc6 bxc6 11. Qc2 Bg4 12. Ne5 Bxe5 13. dxe5 Qc7 14. Bh6 Rfd8 15. f4 c4 16. Rab1 Rd3 17. Qf2 Rad8 18. Qh4 Be2 19. Rfe1 Rd1 20. Rexd1 Rxd1+ 21. Rxd1 Bxd1 22. h3 Bc2 23. Bg5 Qb6+ 24. Kh2 Bxe4 25. Bxe7 Qb2 26. Qg3 Qe2 27. Bc5 Qxa2 28. e6 f6 29. f5 h5 30. Qxg6+ Kh8 31. Qxf6+ Kh7 32. Qg6+ Kh8 1/2-1/2

[Event "57th Biel Festival MTO 2024"]
[White "Malli,Shiivesh Sunil"]
[Black "Kaiser,Elmar"]
[Site "Biel"]
[Round "4.58"]
[Annotator "RC"]
[Result "1/2-1/2"]
[Date "2024.07.18"]
[WhiteElo "1916"]
[BlackElo "2116"]
[PlyCount "37"]
[TimeControl "60"]

1. c4 e5 2. Nc3 Nf6 3. g3 d5 4. cxd5 Nxd5 5. Bg2 Nb6 6. Nf3 Nc6 7. d3 Be7 8. O-O O-O 9. a3 Be6 10. b4 f6 11. Rb1 a5 12. b5 Nd4 13. e3 Nxf3+ 14. Bxf3 Rb8 15. d4 exd4 16. exd4 Nd5 17. Qe1 Kf7 18. Nxd5 h6 19. h4 1/2-1/2

[Event "57th Biel Festival MTO 2024"]
[White "Tarini Goyal"]
[Black "Kheerthi Ganta"]
[Site "Biel"]
[Round "4.59"]
[Annotator "NA RC"]
[Result "1/2-1/2"]
[Date "2024.07.18"]
[WhiteElo "2079"]
[BlackElo "1987"]
[PlyCount "27"]
[TimeControl "60"]

1. d4 Nf6 2. c4 e6 3. Nc3 Bb4 4. Nf3 d5 5. g3 O-O 6. Bg2 dxc4 7. O-O c5 8. dxc5 Qa5 9. Bg5 Bxc3 10. bxc3 Qxc5 11. Bxf6 gxf6 12. Qd2 Kg7 13. Qf4 Kh8 14. Qg4 1/2-1/2

[Event "57th Biel Festival MTO 2024"]
[White "Panda,Barnabas"]
[Black "Stevens,Christian"]
[Site "Biel"]
[Round "4.60"]
[Annotator "NA RC"]
[Result "1-0"]
[Date "2024.07.18"]
[WhiteElo "2074"]
[BlackElo "1936"]
[PlyCount "59"]
[TimeControl "60"]

1. d4 Nf6 2. c4 g6 3. Nc3 Bg7 4. e4 d6 5. h3 O-O 6. Be3 e5 7. d5 a5 8. g4 Na6 9. Nge2 Nd7 10. Ng3 Ndc5 11. Qd2 f5 12. gxf5 gxf5 13. exf5 Bxf5 14. Nxf5 Rxf5 15. O-O-O Qf8 16. Rg1 Kh8 17. Be2 Re8 18. Rg2 Re7 19. Rdg1 Nb4 20. Kb1 e4 21. Nb5 Nbd3 22. Nd4 Rfe5 23. Bh6 e3 24. Bxe3 Rxe3 25. fxe3 Ne5 26. Qc2 Rf7 27. Ne6 Nxe6 28. dxe6 Re7 29. Bh5 Qf6 30. Bf7 1-0

[Event "57th Biel Festival MTO 2024"]
[White "Pinelli,Gian"]
[Black "Pappier,Carlos"]
[Site "Biel"]
[Round "4.61"]
[Annotator "RC"]
[Result "1/2-1/2"]
[Date "2024.07.18"]
[WhiteElo "1874"]
[BlackElo "2202"]
[PlyCount "62"]
[TimeControl "60"]

1. d4 d5 2. c4 c6 3. Nc3 Nf6 4. Nf3 dxc4 5. a4 e6 6. e3 c5 7. Bxc4 Nc6 8. O-O Be7 9. dxc5 Bxc5 10. Qxd8+ Kxd8 11. Rd1+ Ke7 12. e4 Ng4 13. Bg5+ f6 14. Bh4 Bd7 15. Bg3 Rac8 16. Bb5 a6 17. Bf1 Rhd8 18. Rac1 Nce5 19. h3 Nxf3+ 20. gxf3 Ne5 21. Kg2 Be8 22. Rxd8 Kxd8 23. f4 Nc6 24. f5 exf5 25. exf5 Nd4 26. Nd5 Bxa4 27. Bc7+ Rxc7 28. Nxc7 Bc6+ 29. Kg1 Nf3+ 30. Kg2 Nd4+ 31. Kg1 Nf3+ 1/2-1/2

[Event "57th Biel Festival MTO 2024"]
[White "Arbinger,Roland"]
[Black "Hornung,Hans"]
[Site "Biel"]
[Round "4.62"]
[Annotator "NA RC"]
[Result "0-1"]
[Date "2024.07.18"]
[WhiteElo "2013"]
[BlackElo "2009"]
[PlyCount "20"]
[TimeControl "60"]

1. d4 Nf6 2. c4 e6 3. Nf3 c5 4. e3 d5 5. cxd5 exd5 6. dxc5 Bxc5 7. Bb5+ Nc6 8. Rf1 O-O 9. h3 Qd6 10. Ne5 h6 0-1

[Event "57th Biel Festival MTO 2024"]
[White "Udelnov,Valentin"]
[Black "Douguet,Claude"]
[Site "Biel"]
[Round "4.63"]
[Annotator "ChessBase"]
[Result "1-0"]
[Date "2024.07.18"]
[WhiteElo "1965"]
[BlackElo "1994"]
[PlyCount "67"]
[TimeControl "60"]

1. e4 e5 2. Nf3 Nc6 3. Bc4 Nf6 4. d3 h6 5. O-O d6 6. a4 g5 7. Nc3 Bg7 8. a5 a6 9. Re1 O-O 10. Be3 Re8 11. Nd2 Be6 12. Nf1 d5 13. exd5 Nxd5 14. Nxd5 Bxd5 15. Bxd5 Qxd5 16. Ng3 Ne7 17. Qg4 Rf8 18. Qb4 Nc6 19. Qg4 Ne7 20. Nf5 Qe6 21. Nxe7+ Qxe7 22. Qc4 Qd7 23. h4 g4 24. Ra4 h5 25. Rb4 c6 26. Qb3 Rfb8 27. Bg5 Kh8 28. d4 f6 29. Be3 e4 30. Bf4 Re8 31. Rxb7 Qxd4 32. Qf7 f5 33. Qxh5+ Kg8 34. Bh6 1-0

[Event "57th Biel Festival MTO 2024"]
[White "Hartmann,Wolfgang"]
[Black "Stefan,Iulia-Cristiana"]
[Site "Biel"]
[Round "4.64"]
[Annotator "RC"]
[Result "1/2-1/2"]
[Date "2024.07.18"]
[WhiteElo "1983"]
[BlackElo "1953"]
[PlyCount "29"]
[TimeControl "60"]

1. c4 e6 2. g3 d5 3. Bg2 Nf6 4. Nf3 Bd6 5. O-O O-O 6. b3 dxc4 7. bxc4 e5 8. Nc3 Re8 9. Bb2 Na6 10. Ng5 h6 11. Nge4 Nxe4 12. Nxe4 Bf8 13. d3 Nc5 14. Qc2 c6 15. Rab1 1/2-1/2

[Event "57th Biel Festival MTO 2024"]
[White "Jumabayev,Rinat"]
[Black "Aryan Chopra"]
[Site "Biel"]
[Round "5.1"]
[Annotator "ChessBase"]
[Result "1/2-1/2"]
[Date "2024.07.19"]
[WhiteElo "2575"]
[BlackElo "2631"]
[PlyCount "89"]
[TimeControl "60"]

1. d4 d5 2. c4 c6 3. Nc3 Nf6 4. e3 e6 5. Nf3 Nbd7 6. Qc2 Bd6 7. b3 O-O 8. Be2 b6 9. O-O Bb7 10. Bb2 Re8 11. Rad1 Qe7 12. Rfe1 Rad8 13. Bf1 c5 14. cxd5 exd5 15. Qf5 a6 16. dxc5 bxc5 17. Nxd5 Bxd5 18. Rxd5 g6 19. Qg5 Nxd5 20. Qxd5 Ne5 21. Bxe5 Bxe5 22. Qc4 a5 23. Rc1 Bd6 24. Qa4 Qc7 25. g3 Kg7 26. Rc2 Qb7 27. Be2 Qe4 28. Qxe4 Rxe4 29. Nd2 Rb4 30. a4 f5 31. h4 h6 32. Bc4 g5 33. Nf3 Kf6 34. Kf1 Rb7 35. Bb5 Re7 36. Rc4 Re4 37. hxg5+ hxg5 38. Rxe4 fxe4 39. Nd2 Kf5 40. Ke2 Be5 41. Bc6 Rxd2+ 42. Kxd2 g4 43. Kc2 Bf6 44. Bd7+ Kg5 45. Bc6 1/2-1/2

[Event "57th Biel Festival MTO 2024"]
[White "Kobo,Ori"]
[Black "Mendonca,Leon Luke"]
[Site "Biel"]
[Round "5.2"]
[Annotator "TA"]
[Result "0-1"]
[Date "2024.07.19"]
[WhiteElo "2529"]
[BlackElo "2634"]
[PlyCount "82"]
[TimeControl "60"]

1. e4 c5 2. Nc3 a6 3. Nge2 d6 4. g3 Nc6 5. Bg2 e5 6. d3 g6 7. h4 h6 8. h5 {[%emt 0:3:6] White is slightly better.} g5 9. Nd5 Bg7 10. f4 gxf4 11. gxf4 Nge7 12. Nec3 Nxd5 13. Nxd5 exf4 14. c3 (14. Nxf4 Rg8 15. Qd2 Be5 $17 )Be5 15. Bxf4 Bxf4 16. Nxf4 Qg5 17. Qd2 Bg4 18. Nd5 {[%emt 0:2:0] [#] Strongly threatening Qxg5.} Kf8 $1 (18... Qxd2+ $6 19. Kxd2 O-O-O 20. Raf1 $16 )19. Qxg5 hxg5 20. h6 Ne7 21. Nf6 Be6 22. O-O-O Ng6 23. Rh5 Ke7 $1 24. Rf1 Nf4 ({Worse is} 24... Bxa2 25. c4 $16 (25. Rxg5 Rxh6 26. c4 Nf4 $11 ))25. Rxg5 Nxg2 26. Rxg2 {[%emt 0:0:11] [#]} (26. Rh5 $1 $11 {remains equal.} Ne3 (26... Bxa2 27. Kd2 $18 )27. Rf4 )Bh3 $1 $36 {[%emt 0:0:6][%mdl 2048] Black is on the roll. Black continues to play with concentration.} 27. Nd5+ Kf8 28. Rfg1 Bxg2 29. Rxg2 Rxh6 $19 {[%emt 0:0:8][%mdl 4096] Endgame. KRR-KRN} 30. a4 Re8 31. Ne3 Ree6 32. Nf5 Reg6 33. Rf2 (33. Rd2 {was worth a try.} )Rh3 34. Kc2 Ke8 35. a5 Kd7 36. Re2 Rg1 37. Ne3 Rgg3 38. Nd5 (38. Nc4 )Rxd3 39. Rg2 Rdg3 40. Rf2 Rf3 41. Rg2 Rh4 {[%emt 0:6:46] Weighted Error Value: White=0.23 (precise) /Black=0.08 (flawless) .  Mistake:       	White=3     	---        Inaccurate:     	White=3     	Black=3      OK:         	White=13    	Black=21     Best:        	White=1     	Black=2      Strong:       	---       	Black=3} 0-1

[Event "57th Biel Festival MTO 2024"]
[White "Madaminov,Mukhiddin"]
[Black "Sasikiran,Krishnan"]
[Site "Biel"]
[Round "5.3"]
[Annotator "TA"]
[Result "1/2-1/2"]
[Date "2024.07.19"]
[WhiteElo "2517"]
[BlackElo "2581"]
[PlyCount "126"]
[TimeControl "60"]

1. e4 c5 2. Nf3 d6 3. Bb5+ Nd7 4. O-O a6 5. Bd3 Ngf6 6. Re1 {[%emt 0:0:31] B51: Sicilian: Moscow Variation (3 Bb5+) without 3...Bd7.} g6 7. c3 Bg7 8. Bc2 c4 9. b3 b5 10. bxc4 bxc4 11. Na3 Nb6 12. Qe2 Bg4 13. Nxc4 Bxf3 14. gxf3 Nxc4 15. Ba4+ $146 ({Predecessor:} 15. Qxc4 O-O 16. d4 Rc8 17. Qd3 Nh5 18. Be3 e5 19. Qd2 Qf6 20. Bd1 Nf4 21. Kh1 {½-½ Ivanov,V (2268)-Roberts,A (2273) GER CCM-E/02-I email 2018} )Nd7 16. Qxc4 O-O 17. Bxd7 Qxd7 18. d4 Rfc8 19. Qd3 Qb5 20. Qxb5 axb5 21. Bb2 Ra4 22. a3 e5 23. Red1 h5 24. Kg2 (24. Rab1 $11 )h4 (24... exd4 $1 $15 25. cxd4 Rc2 )25. Rd2 Bh6 26. Re2 Bf4 27. h3 Kf8 28. Rb1 Ke7 29. dxe5 dxe5 30. Rd1 Rd8 31. Ree1 Bd2 32. Re2 Bf4 33. Rxd8 Kxd8 34. Re1 Kc7 35. Rd1 f5 36. exf5 gxf5 37. Rd5 Kc6 38. Rd8 Ra7 39. Kf1 Rg7 40. Rc8+ Kb7 41. Rd8 Kc6 42. Rc8+ Kd5 43. a4 bxa4 44. c4+ Ke6 45. Rc6+ Kf7 46. Ra6 Rg8 47. Rxa4 Rb8 48. Ba3 Rb3 49. Kg2 Rc3 50. c5 Rc2 51. Kf1 Ke6 52. Ra6+ Kd5 53. Rf6 Rc3 54. Bb4 Rc1+ 55. Kg2 Kc4 56. Ba5 Kb5 57. Bd8 Rc2 $1 58. Rb6+ (58. Rxf5 Bg3 $11 (58... Kxc5 $2 {loses.} 59. Bg5 $18 ))(58. c6 {feels hotter.} Be3 59. Kf1 Rc1+ 60. Ke2 )Kxc5 59. Rb7 Kd5 60. Bxh4 Be3 61. Rd7+ (61. Rf7 $5 f4 $8 62. Rf8 $11 )Ke6 62. Re7+ Kd5 63. Kf1 Bd4 1/2-1/2

[Event "57th Biel Festival MTO 2024"]
[White "Moiseenko,Alexander"]
[Black "Koustav Chatterjee"]
[Site "Biel"]
[Round "5.4"]
[Annotator "TA"]
[Result "1/2-1/2"]
[Date "2024.07.19"]
[WhiteElo "2560"]
[BlackElo "2525"]
[PlyCount "34"]
[TimeControl "60"]

1. d4 Nf6 2. c4 e6 3. Nf3 d5 4. Nc3 Bb4 5. cxd5 exd5 6. Bf4 Ne4 7. Rc1 Nc6 8. Nd2 Nxd4 9. Ncxe4 dxe4 {[%emt 0:0:17] The position is equal.} 10. Qa4+ (10. Rxc7 $2 {is the wrong capture.} e3 11. fxe3 Nc6 $19 )Nc6 11. Rxc6 Bxd2+ $1 12. Bxd2 bxc6 13. Qxc6+ Bd7 14. Qxe4+ Be6 15. Qc6+ Bd7 16. Qe4+ Be6 {[%emt 0:1:32] Black is weak on the dark squares} 17. Qc6+ {[%emt 0:0:10][%mdl 1024] White has compensation.} Bd7 {[%emt 0:2:20] Not much happened in this game.   Weighted Error Value: White=0.09 (flawless) /Black=0.04 (flawless) .  Inaccurate:     	---       	Black=1      OK:         	White=7     	Black=6      Best:        	---       	Black=2      Strong:       	---       	Black=1} 1/2-1/2

[Event "57th Biel Festival MTO 2024"]
[White "Nesterov,Arseniy"]
[Black "Sokolovsky,Yahli"]
[Site "Biel"]
[Round "5.5"]
[Annotator "TA"]
[Result "1/2-1/2"]
[Date "2024.07.19"]
[WhiteElo "2609"]
[BlackElo "2492"]
[PlyCount "71"]
[TimeControl "60"]

1. d4 Nf6 2. c4 e6 3. Nc3 d5 4. cxd5 exd5 5. Bg5 Be7 6. e3 h6 7. Bh4 Bg4 8. Qc2 O-O 9. h3 Be6 {[%emt 0:0:26] White has an edge.} 10. Nf3 Ne8 11. Bg3 Bd6 12. Ne5 Nc6 13. Nxc6 bxc6 14. Bxd6 cxd6 15. Be2 Qg5 16. Bf3 Rb8 17. Ne2 Rb6 18. Nf4 Bf5 19. Qc3 Be4 20. Bxe4 dxe4 21. O-O Nf6 22. Qa3 Nd5 23. Qxa7 {[%emt 0:8:58] [#] Nxd5 would now be deadly.} (23. Nxd5 {simplifies} Qxd5 24. Rfc1 Ra8 25. b3 )Rxb2 24. Qa3 (24. Nxd5 {simplifies} Qxd5 25. Rfb1 Rxb1+ 26. Rxb1 c5 27. Rb5 )Rfb8 25. Qxd6 Nxf4 (25... Rd8 {is interesting.} 26. Qxc6 Nxf4 27. exf4 Qxf4 28. Qc4 Qd6 )26. exf4 (26. Qxf4 {simplifies} Qxf4 27. exf4 Rd2 28. a4 )Qd5 27. Qxd5 cxd5 $14 {[%emt 0:0:5][%mdl 4096] Endgame. KRR-KRR} 28. a4 Ra8 29. Rfc1 Rb4 30. a5 Ra7 31. a6 Rxd4 32. Rcb1 {[%emt 0:7:24] [#] Threatens to win with Rb7.} Kh7 $1 33. Rb5 Rd2 34. Kf1 Rc7 {[%emt 0:6:10] Hoping for ...Rcc2.} 35. a7 Rcc2 36. a8=Q {[%emt 0:0:25] Weighted Error Value: White=0.05 (flawless) /Black=0.06 (flawless) .  Inaccurate:     	White=1     	Black=2      OK:         	White=12    	Black=11     Best:        	---       	Black=1      Strong:       	---       	Black=1} (36. a8=B Rxf2+ 37. Kg1 (37. Ke1 {is a self mate.} Rxg2 38. Kd1 Rcf2 39. Ke1 e3 40. Bxd5 Rg1# )Rxg2+ 38. Kh1 Rh2+ 39. Kg1 Rcg2+ (39... Rxh3 40. Bxd5 Rg3+ 41. Kf1 $14 )40. Kf1 e3 $19 )1/2-1/2

[Event "57th Biel Festival MTO 2024"]
[White "Holzke,Frank"]
[Black "Ganguly,Surya Shekhar"]
[Site "Biel"]
[Round "5.6"]
[Annotator "TA"]
[Result "1/2-1/2"]
[Date "2024.07.19"]
[WhiteElo "2450"]
[BlackElo "2575"]
[PlyCount "59"]
[TimeControl "60"]

1. e4 e6 2. d4 d5 3. Nc3 Bb4 4. e5 c5 5. a3 Bxc3+ 6. bxc3 Ne7 7. Qg4 Qc7 8. Bd3 c4 9. Be2 Nf5 10. Nf3 Nc6 11. O-O Bd7 12. Nh4 Nce7 13. Bg5 (13. a4 $14 )Nxh4 14. Qxh4 Nf5 15. Qh3 Ba4 16. Ra2 h6 17. f4 Rg8 ({Black should try} 17... Kd7 $15 18. Bh4 Raf8 )18. Bh4 (18. g4 {simplifies} Nxd4 19. cxd4 hxg5 20. fxg5 O-O-O 21. Qg3 )g5 (18... Rh8 $11 )19. fxg5 $14 {[%emt 0:2:16] [#] Rxf5 is the strong threat.} Nxh4 (19... hxg5 $2 20. Bxg5 Qa5 21. Bf6 $18 )20. Qxh4 hxg5 21. Qh7 Rf8 22. Qg7 Qa5 23. Bh5 {[%emt 0:7:27][%cal Rh5f7] White has more active pieces. The black rooks are passive.} O-O-O 24. Rf3 (24. Rxf7 Rg8 25. Qf6 Qxc3 $17 )(24. Qxg5 Qxc3 25. Qf4 Kb8 $11 (25... Bxc2 $2 26. Rc1 $18 ))Qb6 25. Rf1 {[%emt 0:1:12] Prevents Qb1} (25. Rxf7 $2 Qb1+ 26. Kf2 Rxf7+ (26... Qxa2 27. Rxf8 Qxc2+ 28. Be2 $11 )27. Qxf7 Bd7 $19 (27... Qxa2 $2 28. Qxe6+ Kb8 29. Qf6 $19 ))Qa5 $1 26. Bxf7 (26. Rxf7 Rg8 27. Qf6 Qxc3 $17 )Kb8 27. Rf3 ({And not} 27. Qxg5 Qxc3 28. h4 Qxd4+ 29. Kh2 Rh8 $17 )(27. Bxe6 $6 Rxf1+ 28. Kxf1 Qb6 $11 (28... Qxc3 29. Bxd5 Bc6 30. Bxc6 $16 ))Qb6 28. Rf1 {[%emt 0:1:51] Dodges Qb1} (28. Qxg5 $2 Qb1+ 29. Rf1 Qxa2 $19 )Qa5 29. Rf3 ({Much weaker is} 29. Qxg5 Qxc3 30. h4 Qxd4+ 31. Kh2 Rh8 $17 )Qb6 30. Rf1 {[%emt 0:0:21] Against Qb1.   Weighted Error Value: White=0.16 (very precise) /Black=0.14 (very precise) .  Mistake:       	White=1     	Black=2      Inaccurate:     	White=3     	Black=1      OK:         	White=6     	Black=6      Best:        	White=1     	Black=3      Strong:       	---       	Black=1} (30. Qxg5 $2 {perishes.} Qb1+ 31. Rf1 Qxa2 $19 )1/2-1/2

[Event "57th Biel Festival MTO 2024"]
[White "Razafindratsima,Timothe"]
[Black "Harsha Bharathakoti"]
[Site "Biel"]
[Round "5.7"]
[Annotator "TA"]
[Result "0-1"]
[Date "2024.07.19"]
[WhiteElo "2445"]
[BlackElo "2569"]
[PlyCount "104"]
[TimeControl "60"]

1. e4 e5 2. Nf3 Nc6 3. Bc4 Bc5 4. d3 d6 5. c3 Bb6 6. a4 a5 7. Nbd2 h6 8. Bb5 {[%emt 0:3:25] The position is equal.} Nge7 9. Nc4 Bc5 {[%emt 0:16:17] [#]} 10. Nxa5 $1 Rxa5 11. b4 Bxb4 12. cxb4 Ra8 13. Bc4 Bg4 14. h3 Bxf3 15. Qxf3 O-O 16. Qg4 Kh7 17. O-O f5 18. Qd1 f4 (18... Nxb4 $15 19. Ba3 Nbc6 )19. b5 $11 Nd4 20. Bb2 f3 21. g3 Qd7 22. Kh2 c6 23. bxc6 bxc6 24. Bxd4 exd4 25. a5 Ng6 26. Qb3 Ne5 27. a6 Qe7 28. Qb7 Qxb7 29. axb7 Rxa1 30. Rxa1 {[%emt 0:0:1][%mdl 4096] Endgame. Ra8 would now be deadly. KRB-KRN} Rb8 31. Rb1 Kg6 32. g4 Kf6 {[%emt 0:0:16] And now ...Nxc4 would win.} 33. Kg3 g5 34. Ba6 Ke7 35. Rb4 c5 36. Rb3 Kd7 37. Bc4 $2 {[%emt 0:0:28] [#]} (37. Rb1 $11 )Nxc4 $1 $19 38. dxc4 {[%emt 0:0:1][%cal Oh3h4] [#]} Kc6 (38... Kc7 $1 $17 39. Ra3 Rxb7 (39... Kxb7 40. Kxf3 Kc7 41. Ra7+ Rb7 42. Ra3 $17 ))39. Kxf3 $2 ({Only move:} 39. Rxf3 $15 Rxb7 40. Rf6 )Rxb7 40. Rxb7 (40. Ra3 $19 )Kxb7 $15 {[%emt 0:0:4] KP-KP} 41. Kg3 Kc7 42. Kf3 Kd7 43. Kg3 Ke7 44. Kf3 Ke6 45. Kg2 Ke5 46. Kf3 d3 47. Ke3 {[%emt 0:2:59] [#]} d2 $1 48. f4+ (48. Ke2 Kd4 )gxf4+ 49. Kxd2 Kxe4 50. h4 f3 $2 (50... Ke5 {mates} 51. Ke2 d5 52. cxd5 Kxd5 53. h5 Ke5 (53... Ke4 54. g5 $11 )54. Kf3 c4 55. g5 hxg5 56. h6 Kf6 57. h7 Kg7 58. Kf2 g4 (58... Kxh7 59. Kf3 c3 60. Ke2 g4 61. Ke1 g3 62. Ke2 g2 63. Kf2 c2 64. Kg1 f3 65. Kf2 c1=Q 66. Kxf3 g1=Q 67. Ke4 Qge3+ 68. Kf5 Qf1+ 69. Kg4 Qfh3# )59. Kf1 Kxh7 60. Kf2 c3 61. Ke2 g3 (61... f3+ 62. Ke3 c2 63. Kd2 g3 64. Kxc2 f2 65. Kd1 f1=Q+ 66. Kd2 g2 67. Ke3 g1=Q+ 68. Ke4 Qc4+ 69. Ke5 Qg7+ 70. Kf5 Qcg4# )62. Ke1 g2 63. Ke2 g1=Q (63... g1=R 64. Kd3 f3 65. Kxc3 f2 66. Kd4 f1=Q 67. Ke4 Qc4+ 68. Ke3 Rd1 69. Kf2 Qd3 70. Kg2 Rd2+ 71. Kh1 Qf1# )64. Kd3 Qe3+ 65. Kc2 Qd2+ 66. Kb3 c2 67. Kc4 c1=Q+ (67... c1=B 68. Kc5 f3 69. Kb6 Qd6+ 70. Kb5 f2 71. Kc4 f1=Q+ 72. Kb3 Qfd3+ 73. Ka4 Q6a3# )68. Kb5 Qdb2+ 69. Ka6 Qca1# )51. g5 $11 hxg5 (51... f2 $5 52. Ke2 $8 hxg5 53. hxg5 Kf5 54. Kxf2 Kg6 $11 (54... Kxg5 55. Ke3 $11 ))52. h5 (52. hxg5 $11 Kf5 53. g6 Kxg6 54. Ke3 Kg5 55. Kxf3 Kf5 56. Ke3 Ke5 57. Kd3 Kf4 58. Kd2 Ke4 59. Kc3 Ke3 60. Kb2 Kd4 61. Kc1 Kxc4 62. Kd2 Kb3 63. Kd1 c4 64. Kc1 Kc3 65. Kd1 Kd3 (65... d5 {is a self mate.} 66. Ke2 d4 67. Kd1 Kd3 68. Ke1 Ke3 69. Kd1 d3 70. Kc1 c3 71. Kb1 Ke2 72. Ka2 d2 73. Kb3 d1=Q+ 74. Kc4 c2 75. Kc5 c1=Q+ 76. Kb4 Qd4+ 77. Kb5 Qcc5+ 78. Ka6 Qb6# )66. Ke1 c3 67. Kd1 d5 68. Kc1 c2 69. Kb2 Kd2 (69... c1=Q+ {leads to mate.} 70. Kxc1 Kc3 71. Kb1 d4 72. Kc1 d3 73. Kd1 d2 74. Ke2 Kc2 75. Kf3 d1=Q+ 76. Kf4 Qh5 77. Kg3 Qf5 78. Kh4 Qg6 79. Kh3 Kd3 80. Kh4 Ke3 81. Kh3 Kf3 82. Kh4 Qh6# )70. Kb3 c1=Q (70... c1=B {gets mated.} 71. Kb4 d4 72. Kc5 Ke3 73. Kd6 Ba3+ 74. Kd7 d3 75. Kc7 d2 76. Kd7 d1=Q+ 77. Kc7 Qd6+ 78. Kb7 Bc5 79. Kc8 Qc6+ 80. Kb8 Qd7 81. Ka8 Qc8# )71. Kb4 Qc4+ (71... d4 72. Kb5 Ke1 73. Kb4 d3 74. Kb5 d2 75. Kb4 d1=Q 76. Ka5 Qb3 77. Ka6 Qca3# )72. Ka5 Qc6 73. Kb4 Qb6+ 74. Ka4 Kc3 75. Ka3 Qb3# )Kf5 {[%emt 0:0:5] Weighted Error Value: White=0.37/Black=0.17 (very precise) .  Loses game:     	White=3     	---        Mistake:       	White=1     	Black=2      Inaccurate:     	White=7     	Black=2      OK:         	White=11    	Black=20     Best:        	White=1     	Black=1      Strong:       	---       	Black=1} 0-1

[Event "57th Biel Festival MTO 2024"]
[White "Gan-Erdene,Sugar"]
[Black "Gavrilescu,David"]
[Site "Biel"]
[Round "5.8"]
[Annotator "TA"]
[Result "1/2-1/2"]
[Date "2024.07.19"]
[WhiteElo "2424"]
[BlackElo "2538"]
[PlyCount "26"]
[TimeControl "60"]

1. e4 c5 2. Nf3 d6 3. d4 cxd4 4. Nxd4 Nf6 5. Nc3 a6 6. Nb3 e6 7. g4 b5 8. Bg2 {[%emt 0:0:55][%cal Oe4e5] Threatens to win with e5!} Nfd7 9. g5 Bb7 10. f4 h6 11. h4 Be7 (11... hxg5 $15 12. hxg5 Rxh1+ 13. Bxh1 b4 )12. Be3 Nc6 13. Qe2 Rc8 {[%emt 0:11:35] Weighted Error Value: White=0.17 (very precise) /Black=0.22 (precise) .  Mistake:       	---       	Black=2      Inaccurate:     	White=2     	---        OK:         	---       	Black=2} (13... hxg5 $11 14. hxg5 Rxh1+ 15. Bxh1 b4 )1/2-1/2

[Event "57th Biel Festival MTO 2024"]
[White "Xiao,Tong"]
[Black "Hafiz,Arif Abdul"]
[Site "Biel"]
[Round "5.9"]
[Annotator "ChessBase"]
[Result "1/2-1/2"]
[Date "2024.07.19"]
[WhiteElo "2518"]
[BlackElo "2367"]
[PlyCount "68"]
[TimeControl "60"]

1. e4 e5 2. Nf3 Nc6 3. Bb5 a6 4. Ba4 b5 5. Bb3 Na5 6. O-O d6 7. d4 exd4 8. Nxd4 Bb7 9. Bd2 Nxb3 10. Nxb3 Be7 11. Re1 Nf6 12. Na5 Rb8 13. Nxb7 Rxb7 14. Qf3 Rb8 15. Nc3 O-O 16. Rad1 Re8 17. Bf4 Qc8 18. Ne2 Nd7 19. Bc1 Qb7 20. Nf4 Bf8 21. Qh3 Nf6 22. f3 Rbd8 23. b3 c6 24. Bb2 Qe7 25. Qh4 Nd5 26. Qxe7 Nxe7 27. Bc3 Ng6 28. Nh5 Ne5 29. Re2 f5 30. Rde1 fxe4 31. Rxe4 Kf7 32. f4 Ng4 33. Rxe8 Rxe8 34. Rxe8 Kxe8 1/2-1/2